 Dungeon Crawl Stone Soup version 0.25-a0-110-ge29c8f2358 (webtiles) character file.

Game seed: 10397154672941402270, levelgen mode: deterministic

39 MisterFreud the Slasher (level 3, 0/24 HPs)
             Began as an Octopode Gladiator on Nov 19, 2019.
             Slain by a goblin (3 damage)
             ... on level 2 of the Dungeon.
             The game lasted 00:00:50 (925 turns).

MisterFreud the Slasher (Octopode Gladiator)         Turns: 925, Time: 00:00:51

Health: 0/24       AC:  1    Str: 13    XL:     3   Next: 45%
Magic:  3/3        EV: 14    Int: 11    God:
Gold:   24         SH:  0    Dex: 13    Spells: 2/2 levels left

rFire    . . .     SeeInvis .   a - +0 long sword
rCold    . . .     Gourm    .   (no shield)
rNeg     . . .     Faith    .   b - +0 hat
rPois    .         Spirit   .   (no amulet)
rElec    .         Reflect  .   (no ring)
rCorr    .         Harm     .   (no ring)
MR       .....                  (no ring)
Stlth    ++........             (no ring)
HPRegen  0.08/turn              (no ring)
MPRegen  0.08/turn              (no ring)
                                (no ring)
                                (no ring)

@: no status effects
A: almost no armour, stealthy swim, amphibious, 8 rings, constrict 8, camouflage
1, gelatinous body 1
a: no special abilities


You were on level 2 of the Dungeon.
You were not hungry.

You visited 1 branch of the dungeon, and saw 2 of its levels.

You collected 24 gold pieces.

Inventory:

Hand Weapons
 a - a +0 long sword (weapon)
Missiles
 c - 3 throwing nets (quivered)
 e - 45 stones
 g - 58 sling bullets
 k - 17 arrows
 n - 8 atropa-tipped darts
Armour
 b - a +0 hat (worn)
Scrolls
 i - 3 scrolls of identify {unknown}
 l - a scroll of enchant armour {unknown}
 m - a scroll of blinking {unknown}
Potions
 h - a potion of curing {unknown}
 j - a potion of agility {unknown}
Comestibles
 d - 3 rations
 f - 15 chunks of flesh


   Skills:
 - Level 2.0 Fighting
 + Level 4.4 Long Blades
 - Level 2.0 Throwing
 - Level 3.0 Dodging


You had 2 spell levels left.
You didn't know any spells.
Your spell library was empty.

Dungeon Overview and Level Annotations

Branches:
Dungeon (2/15)

Altars:


Innate Abilities, Weirdness & Mutations

You cannot wear most types of armour.
You are very stealthy in the water. (Stealth+)
You are amphibious.
You can wear up to eight rings at the same time.
You can use your tentacles to constrict eight enemies at once.
Your skin changes colour to match your surroundings (Stealth+).
Your rubbery body absorbs attacks. (AC +1, EV +1)


Message History

You kill the jackal!
The jackal barely misses you.
Things that are here:
a stone; a jackal corpse You slash the jackal!
You kill the jackal!
You hit the hobgoblin. You grab the hobgoblin. You squeeze the hobgoblin.
The hobgoblin is severely wounded.
You constrict the hobgoblin. The hobgoblin hits you with a +0 club.
* * * LOW HITPOINT WARNING * * *
You slash the hobgoblin!
You kill the hobgoblin!
You miss the goblin. Your grab misses the goblin.
Your squeeze misses the goblin. The goblin misses you.
You barely miss the goblin. Your grab misses the goblin. The goblin hits you.
* * * LOW HITPOINT WARNING * * *
You hit the goblin. Your grab misses the goblin.
The goblin is severely wounded.
The goblin hits you.
You die...

## ##. ##. ####
#.. #...g
.....##.##g.g#
.......g†)..#
###.##g###.....
#@# ... #.# . #.#
#.# ###### ###.#
##....## ###...#
##......####...###
#............###
#........#<.##


You could see a hobgoblin and a goblin.

Vanquished Creatures
  A dart slug (D:1)
  A leopard gecko (D:1)
  11 giant cockroaches
  A goblin (D:1)
  A hobgoblin (D:2)
  6 jackals (D:2)
  A ball python (D:1)
  A frilled lizard (D:1)
  4 kobolds
  4 rats
31 creatures vanquished.

Notes
Turn   | Place    | Note
-------+----------+-------------------------------------------
     0 | D:1      | MisterFreud the Octopode Gladiator began the quest for the
                  | Orb.
     0 | D:1      | Reached XP level 1. HP: 14/14 MP: 1/1
   303 | D:1      | Reached XP level 2. HP: 19/19 MP: 2/2
   848 | D:2      | Reached skill level 4 in Long Blades
   851 | D:2      | Reached XP level 3. HP: 20/24 MP: 3/3
   925 | D:2      | Slain by a goblin

Levels and vault maps discovered:
D:1:      dpeg_arrival_lava_temple_mockup, layout_loops_corners
D:2:      minmay_roachtagon, layout_rooms, fedhas_altar_3, first_ration,
          uniq_terence, uniq_sigmund, uniq_robin

Skill      XL: |  1  2 |
---------------+-------+-----
Long Blades    | 4 |  4.4
Fighting       | |  2.0
Throwing       | |  2.0
Dodging        | |  3.0

Action                   || total
-------------------------++-------
Melee: Long sword        ||    44
       Constrict         ||    14
       Tentacles         ||    11
 Stab: Sleeping          ||     4
Armor: Skin              ||     1
Dodge: Dodged            ||    36
       Rpst.: Long sword ||    15

Table legend:
 A = Non-vault XP
 B = Vault XP
 C = Vault XP percentage of total XP
 D = Non-vault monster count
 E = Vault monster count
 F = Vault count percentage of total count
                 A         B        C        D         E       F
            +---------+---------+-------+---------+---------+-------
      Total |      36 |      20 |  35.7 |      21 |      10 |  32.3
            +---------+---------+-------+---------+---------+-------
        D:1 |      19 |       0 |   0.0 |      12 |       0 |   0.0
        D:2 |      17 |      20 |  54.1 |       9 |      10 |  52.6
            +---------+---------+-------+---------+---------+-------
